Map: Tours du crépuscule

Players

other - Winner!

  • Race: Terran Terran
  • League: Diamond

Worming

  • Race: Zerg Zerg
  • League: Diamond

VOD

Have the link to the VOD?

Description

Time

  • Played on: June 30, 2016, 11:19 a.m.
  • Length: 12:40
Show
View Real Time Build Order
Export as new Build Order

other Terran - Winner!

Build Orders: Liberator Opening, Reaper Expand, MMM Bio 

Get SALT Encoding   

  12  0:03  SCV  
  13  0:15  SCV  
  14  0:23  Supply Depot  
  14  0:27  SCV  
  15  0:45  Barracks, SCV  
  15  0:48  Refinery  
  17  0:57  SCV  
  17  1:09  SCV  
  18  1:21  SCV  
  19  1:34  Reaper  
  19  1:36  Orbital Command  
  20  1:43  Command Center  
  20  1:56  Supply Depot  
  20  2:03  SCV  
  20  2:06  Marine  
  22  2:15  SCV  
  23  2:17  Factory  
  23  2:23  Refinery  
  23  2:27  SCV  
  24  2:32  Barracks Reactor  
  24  2:39  SCV  
  25  2:51  SCV  
  26  3:02  Orbital Command  
  26  3:03  SCV  
  26  3:07  Starport  
  26  3:15  SCV  
  26  3:17  Barracks Tech Lab  
  26  3:19  Hellion x2  
  31  3:27  SCV  
  31  3:30  SCV  
  33  3:34  Liberator  
  33  3:36  Marine, Stimpack  
  33  3:40  Hellion, Supply Depot, SCV  
  33  3:41  Hellion  
  39  3:42  SCV  
  40  3:52  SCV  
  40  3:54  SCV  
  45  3:58  Marine  
  46  4:04  Hellion, SCV  
  46  4:05  Hellion  
  46  4:06  SCV  
  52  4:12  Supply Depot  
  52  4:16  SCV  
  53  4:17  Marine  
  54  4:33  SCV x2  
  54  4:37  Command Center  
  56  4:40  Starport Reactor, Factory Tech Lab  
  56  4:45  SCV x2  
  56  4:47  Barracks  
  56  4:51  Engineering Bay, Barracks  
  58  4:54  Engineering Bay  
  58  4:58  SCV  
  59  5:04  SCV  
  60  5:24  Refinery, Supply Depot  
  60  5:25  Supply Depot, SCV  
  60  5:26  Refinery, SCV  
  62  5:33  Marine  
  61  5:35  Barracks Reactor  
  61  5:38  SCV  
  62  5:43  Barracks  
  62  5:44  Supply Depot  
  62  5:45  Siege Tank, Supply Depot  
  62  5:46  Barracks  
  65  5:51  Marine  
  65  5:55  Orbital Command  
  65  5:56  Terran Infantry Weapons Level 1, Terran Infantry Armor Level 1  
  66  5:57  Marine  
  66  5:59  SCV x2  
  69  6:11  Combat Shields, SCV  
  70  6:12  Supply Depot, SCV  
  70  6:15  Orbital Command  
  71  6:23  Medivac, SCV  
  71  6:24  Medivac, Siege Tank  
  79  6:29  SCV  
  80  6:35  SCV  
  80  6:37  Barracks Tech Lab x2  
  79  6:41  Factory  
  79  6:43  SCV  
  79  6:44  Marine x2  
  79  6:45  Barracks, Marine x2  
  79  6:46  Barracks  
  78  6:47  SCV  
  78  6:54  Marine  
  78  7:02  Marine x2  
  78  7:05  Marauder, Marine x2  
  78  7:06  Siege Tank  
  78  7:07  Medivac  
  78  7:08  SCV x2  
  91  7:12  Marauder  
  91  7:13  Supply Depot  
  93  7:16  SCV  
  94  7:25  Marine x3  
  94  7:26  Marauder  
  99  7:30  SCV x2  
  99  7:31  SCV  
  99  7:34  Liberator x2, Supply Depot  
  99  7:35  Supply Depot  
  99  7:36  Barracks Tech Lab x2  
  102  7:38  Supply Depot  
  102  7:42  SCV  
  102  7:44  Armory, SCV x2  
  111  8:02  Marine x3  
  111  8:03  SCV, Marauder  
  111  8:04  SCV  
  118  8:08  Factory  
  118  8:10  Refinery  
  118  8:12  Refinery, Barracks  
  118  8:13  Marine x2  
  118  8:14  Supply Depot, Marine  
  118  8:17  Marine  
  122  8:22  Marine x4  
  122  8:23  Marine  
  127  8:29  Supply Depot  
  127  8:31  Supply Depot, Marine  
  127  8:34  Medivac  
  130  8:35  Marine x2  
  130  8:36  Marauder  
  130  8:37  Siege Tank  
  130  8:39  Marine x2  
  139  8:44  Marine x2  
  139  8:45  Marauder  
  139  8:47  SCV x3  
  146  8:49  Marine  
  146  8:50  Terran Infantry Armor Level 2  
  146  8:51  Supply Depot  
  146  8:53  Terran Infantry Weapons Level 2  
  147  8:58  Marine x2  
  147  8:59  SCV x3  
  147  9:00  Barracks Tech Lab, Reaper  
  147  9:01  Factory Reactor  
  150  9:13  Marine x2  
  134  9:33  Marine x2  
  135  9:40  Medivac x2  
  135  9:45  Command Center  
  134  9:53  Marine x2  
  134  9:54  Marine x4  
  134  9:55  Siege Tank, Marauder  
  134  9:57  SCV x3  
  147  10:02  Supply Depot x2  
  147  10:06  Supply Depot  
  144  10:27  Siege Tank, Marine x3  
  144  10:30  Marine x2  
  144  10:33  Marine x4  
  144  10:34  Marauder  
  144  10:35  Widow Mine x2  
  153  10:36  Medivac x2  
  153  10:38  SCV x3  
  154  10:45  Marine x3  
  154  10:47  Marine  
  154  10:48  Marauder  
  160  10:50  SCV  
  160  10:51  Marauder x3, Marine  
  160  10:55  Marauder  
  169  10:59  Siege Tank  
  169  11:03  Widow Mine x2, Marine x3  
  179  11:05  Marine  
  179  11:06  Medivac x2  
  179  11:09  Marauder  
  179  11:10  Marauder  
  188  11:11  Command Center  
  188  11:12  Marine x2  
  188  11:13  Marauder  
  188  11:16  Marauder  
  191  11:21  Marine x2  
  188  11:31  Siege Tank  
  167  11:35  Marine x2  
  167  11:36  Medivac, Marauder  
  160  11:41  Planetary Fortress  
  158  11:48  Marine x2  
  158  11:50  SCV x2  
  158  11:51  SCV  
  162  11:59  Starport  
  160  12:01  Fusion Core  
  160  12:02  SCV  
  160  12:03  Siege Tank, SCV  
  160  12:04  Starport  
  160  12:05  Starport, Marine x2  
  157  12:15  Marine x2  
  159  12:30  Refinery  
  159  12:32  Refinery  
Show
View Real Time Build Order
Export as new Build Order

Worming Zerg 

Build Orders: 3 Hatch before Pool, Muta Ling Bane 

Get SALT Encoding   

  12  0:01  Drone  
  13  0:12  Overlord  
  13  0:17  Drone  
  14  0:30  Drone x2  
  16  0:40  Drone  
  17  0:46  Drone  
  18  0:57  Hatchery  
  18  1:01  Drone  
  18  1:06  Drone  
  19  1:24  Drone  
  20  1:27  Hatchery  
  19  1:37  Drone  
  20  1:41  Overlord  
  20  1:50  Drone  
  21  2:12  Drone x3  
  21  2:15  Extractor  
  23  2:17  Spawning Pool  
  23  2:21  Drone  
  23  2:23  Drone  
  24  2:34  Drone x2  
  26  2:40  Overlord  
  25  3:05  Queen  
  25  3:06  Queen x2  
  25  3:07  Zergling x10  
  25  3:09  Drone  
  25  3:10  Drone x2  
  39  3:21  Metabolic Boost  
  39  3:22  Drone x3  
  42  3:33  Drone x4  
  46  3:39  Overlord  
  46  3:42  Overlord  
  46  3:52  Overlord  
  46  4:05  Roach Warren  
  46  4:06  Drone x6  
  46  4:08  Queen  
  53  4:10  Spine Crawler  
  53  4:16  Spore Crawler  
  51  4:18  Spore Crawler  
  51  4:19  Spore Crawler  
  51  4:23  Drone x4  
  53  4:29  Overlord  
  53  4:31  Overlord  
  53  4:44  Drone x3, Extractor  
  55  4:50  Roach x6  
  67  4:54  Lair  
  67  5:01  Evolution Chamber  
  65  5:09  Queen x2  
  68  5:15  Roach  
  68  5:16  Roach x2  
  74  5:26  Drone x6  
  80  5:30  Extractor  
  78  5:36  Drone x3  
  78  5:37  Overlord x4  
  78  5:56  Spore Crawler  
  77  6:01  Drone x10  
  87  6:06  Overlord  
  87  6:08  Glial Reconstitution  
  87  6:10  Zerg Missile Weapons Level 1  
  87  6:19  Extractor  
  87  6:20  Drone x4, Extractor x2  
  87  6:22  Drone x2  
  90  6:31  Spire  
  89  6:33  Drone x3  
  89  6:34  Drone x3  
  89  6:35  Zergling x8  
  97  7:01  Hatchery  
  96  7:13  Drone  
  97  7:23  Infestation Pit  
  97  7:24  Drone x4  
  97  7:25  Evolution Chamber  
  97  7:27  Baneling Nest  
  98  7:39  Zergling x26  
  98  7:40  Overlord x2  
  98  7:41  Overlord  
  98  7:43  Zerg Flyer Weapons Level 1  
  109  8:04  Drone  
  109  8:05  Drone  
  111  8:06  Drone x11  
  111  8:10  Centrifical Hooks  
  111  8:11  Hive  
  122  8:13  Zerg Melee Weapons Level 1, Zerg Ground Armor Level 1  
  122  8:30  Spore Crawler  
  122  8:31  Spine Crawler  
  122  8:32  Spore Crawler  
  119  8:36  Ravager x7  
  119  8:38  Mutalisk  
  119  8:39  Mutalisk x5  
  138  8:43  Pneumatized Carapace  
  138  8:46  Overseer  
  138  8:53  Overlord  
  138  8:54  Overlord x6  
  138  9:06  Roach x7  
  109  9:36  Roach  
  109  9:37  Roach x8  
  117  9:41  Hatchery  
  117  9:42  Zerg Flyer Weapons Level 2  
  117  9:45  Ultralisk Cavern  
  107  9:58  Ravager x3  
  102  10:10  Zergling x26  
  102  10:11  Zergling x6  
  118  10:25  Hatchery  
  92  10:35  Queen x2  
  92  10:37  Zergling x14  
  92  10:40  Chitinous Plating  
  92  10:41  Zergling x8  
  92  10:42  Zergling x10  
  102  10:52  Roach x2  
  102  10:59  Baneling x4  
  102  11:00  Baneling x2  
  102  11:01  Baneling x3  
  95  11:08  Ultralisk x2  
  95  11:09  Zergling x2  
  77  11:37  Drone x5  
  76  11:42  Ultralisk  
  82  11:54  Zergling x8, Ultralisk x2  
  97  12:09  Zergling x2  
  97  12:10  Zergling x2  
  98  12:18  Drone x3  
Tags
 
Add a new tag
Caveats
  • Supply blocks, unpowered buildings, or Contaminate may cause inaccurate times.
  • Supply counts are checked every 10 seconds.